 Dungeon Crawl Stone Soup version 0.16.2-12-gd0ad4c3 (webtiles) character file.

97 dearth the Cudgeler (level 4, -5/40 HPs)
             Began as a Minotaur Fighter on Oct 14, 2015.
             Slain by Kharon's ghost (9 damage)
             ... on level 3 of the Dungeon.
             The game lasted 00:04:47 (2462 turns).

dearth the Cudgeler (Minotaur Fighter)              Turns: 2462, Time: 00:04:48

Health: -5/40      AC:  7    Str: 26    XL:     4   Next: 42%
Magic:  2/2        EV:  9    Int:  5    God:
Gold:   105        SH: 10    Dex: 10    Spells: 0 memorised, 3 levels left

rFire  . . .     SeeInvis .     a - +0 flail
rCold  . . .     Clarity  .     b - +0 scale mail
rNeg   . . .     SustAb   .     c - +0 shield
rPois  .         Gourm    .     (helmet restricted)
rElec  .         Spirit   .     (no cloak)
rCorr  .         Warding  .     (no gloves)
rMut   .         Stasis   .     (no boots)
MR     .....                    (no amulet)
Stlth  ..........               (no ring)
                                k - +2 ring of evasion

@: mighty, lethally poisoned (-5 -> -8), drained, not resistant to hostile
enchantments, extremely unstealthy
A: retaliatory headbutt, horns 2
a: no special abilities


You were on level 3 of the Dungeon.
You were not hungry.

You visited 1 branch of the dungeon, and saw 3 of its levels.

You collected 105 gold pieces.

Inventory:

Hand weapons
 a - a +0 flail (weapon)
Armour
 b - a +0 scale mail (worn)
 c - a +0 shield (worn)
Jewellery
 k - a +2 ring of evasion (left hand)
Scrolls
 h - 3 scrolls of teleportation {unknown}
 i - 2 scrolls of identify {unknown}
 m - 2 scrolls of noise {unknown}
 s - a scroll of amnesia {unknown}
Potions
 e - 2 potions of might
 f - a potion of invisibility {unknown}
 g - a potion of magic {unknown}
 l - a potion of heal wounds {unknown}
 o - a potion of resistance {unknown}
 q - a potion of beneficial mutation {unknown}
 r - a potion of cancellation {unknown}
Comestibles
 d - 3 bread rations
 j - 3 fruits
 n - 2 meat rations


   Skills:
 + Level 4.1(3.8) Fighting
 * Level 4.3(4.1) Maces & Flails
 + Level 4.2(3.9) Armour
 + Level 4.2(3.9) Shields


You had 3 spell levels left.
You didn't know any spells.

Dungeon Overview and Level Annotations

Branches:
Dungeon (3/15)

Altars:
Fedhas
Gozag
Nemelex Xobeh
Okawaru

Annotations:
D:3 Kharon's ghost, average MiBe


Innate Abilities, Weirdness & Mutations

You reflexively headbutt those who attack you in melee.
You have a pair of horns on your head.


Message History

You barely miss Kharon's ghost.
Kharon's ghost is lightly damaged.
You feel sick. Kharon's ghost completely misses you. You furiously retaliate!
You headbutt Kharon's ghost. You closely miss Kharon's ghost.
Your headbutt misses Kharon's ghost.
Kharon's ghost is moderately damaged.
Kharon's ghost closely misses you. You furiously retaliate!
You headbutt Kharon's ghost, but do no damage.
You hit Kharon's ghost but do no damage.
Kharon's ghost is moderately damaged.
You feel sick. You block Kharon's ghost's attack.
Kharon's ghost completely misses you.
You hit Kharon's ghost but do no damage.
Kharon's ghost is moderately damaged.
You feel sick. Kharon's ghost hits you!
* * * LOW HITPOINT WARNING * * *
You closely miss Kharon's ghost. Your headbutt misses Kharon's ghost.
Kharon's ghost is moderately damaged.
Kharon's ghost hits you!
You die...

####### ##
#####.....# #.
#.....###.# #.
#.....#.#.#########.
#.....#.#...........
#.......#......####.
###.#.#.#...##.#####
#.#.#.....##)#....
#@#.####.....##.##
#W#.#.....###.....
#.#.#.##.## #.#.#.
#.....#.. ....
.....#. #........
#########.#
#.....### #..
#.....# #..# #####..
#... #.# ##..


You could see Kharon's ghost.

Vanquished Creatures
  Ijyb (D:3)
  2 adders (D:2)
  A giant gecko (D:1)
  2 orcs (D:3)
  A ball python (D:1)
  4 giant cockroaches
  9 goblins
  7 hobgoblins
  6 jackals
  2 kobolds
  11 bats
  4 giant newts
  2 quokkas (D:2)
  6 rats
  2 bushes (D:2)
60 creatures vanquished.

Notes
Turn   | Place    | Note
--------------------------------------------------------------
     0 | D:1      | dearth, the Minotaur Fighter, began the quest for the Orb.
     0 | D:1      | Reached XP level 1. HP: 19/19 MP: 1/1
   244 | D:1      | Reached XP level 2. HP: 27/27 MP: 1/1
   637 | D:1      | Reached XP level 3. HP: 33/33 MP: 2/2
  1209 | D:2      | Reached skill level 4 in Shields
  1421 | D:2      | Found a blossoming altar of Fedhas.
  2108 | D:3      | Noticed Ijyb
  2116 | D:3      | Killed Ijyb
  2116 | D:3      | Reached XP level 4. HP: 40/40 MP: 2/2
  2208 | D:3      | Found an iron altar of Okawaru.
  2310 | D:3      | Found an opulent altar of Gozag.
  2310 | D:3      | Found a sparkling altar of Nemelex Xobeh.
  2445 | D:3      | Noticed Kharon's ghost (average MiBe)
  2462 | D:3      | Slain by Kharon's ghost

Action                   |  1- 3 |  4- 6 || total
-------------------------+-------+-------++-------
Melee: Flail             |   186 |    33 ||   219
  Use: Potion            |       |     1 ||     1
  Eat: Chunk             |     4 |     1 ||     5
